 Dungeon Crawl Stone Soup version 0.31-a0-810-ga77100ea1a (webtiles) character file.

Game seed: 9392210017412977337

85 Dittersdorf the Shield-Bearer (level 4, -2/29 HPs)
             Began as a Gargoyle Fighter on Sept 21, 2023.
             Slain by a gnoll
             ... wielding a +0 halberd
              (5 damage)
             ... on level 3 of the Dungeon.
             The game lasted 00:02:01 (1460 turns).

Dittersdorf the Shield-Bearer (Gargoyle Fighter)    Turns: 1460, Time: 00:02:02

Health: -2/29      AC: 13    Str: 21    XL:     4   Next: 48%
Magic:  4/4        EV:  9    Int:  9    God:
Gold:   110        SH:  5    Dex: 12    Spells: 3/3 levels left

rFire   . . .        a - +0 flail
rCold   . . .        c - +0 buckler
rNeg    + . .        b - +0 scale mail
rPois   ∞            (no helmet)
rElec   +            f - scarf {shadows}
rCorr   .            o - +2 pair of gloves {Dex+3}
SInv    .            (no boots)
Will    .....        (no amulet) Stlth
                     (no ring)
HPRegen 0.24/turn    (no ring)
MPRegen 0.09/turn

%: no passive effects
@: no status effects
A: sickness immunity, AC +3, negative energy resistance 1, electricity
resistance, torment resistance 1, petrification resistance
a: no special abilities


You were on level 3 of the Dungeon.
You visited 1 branch of the dungeon, and saw 3 of its levels.

You collected 110 gold pieces.

Inventory:

Hand Weapons
 a - a +0 flail (weapon)
Missiles
 g - 4 poisoned darts (quivered)
Armour
 b - a +0 scale mail (worn)
 c - a +0 buckler (worn)
 f - a scarf of shadows (worn)
 o - a +2 pair of gloves of dexterity (worn)
Scrolls
 i - 2 scrolls of revelation {unknown}
 l - 3 scrolls of noise {unknown}
 m - 2 scrolls of fear {unknown}
 p - a scroll of silence {unknown}
 q - a scroll of identify {unknown}
Potions
 d - a potion of might
 e - a potion of cancellation {unknown}
 h - a potion of lignification {unknown}
 j - a potion of ambrosia {unknown}
 k - 2 potions of resistance {unknown}
 n - 2 potions of invisibility {unknown}


   Skills:
 + Level 4.0 Fighting
 + Level 2.8 Maces & Flails
 + Level 4.0 Armour
 + Level 4.0 Shields


You had 3 spell levels left.
You didn't know any spells.
Your spell library was empty.

Dungeon Overview and Level Annotations

Branches:
Dungeon (3/15)

Altars:
Wu Jian


Innate Abilities, Weirdness & Mutations

You are immune to sickness and miasma.
Your stone body is resilient. (AC +3)
You are immune to poison.
You resist negative energy. (rN+)
You are resistant to electric shocks. (rElec)
You are resistant to unholy torment.
You are immune to petrification.


Message History

The gnoll is heavily wounded.
You sock the gnoll!
You kill the gnoll!
The gnoll misses you. The gnoll barely misses you.
The gnoll hits you from afar with a +0 halberd!
Your Fighting skill increases to level 4!
Your Armour skill increases to level 4!
You sock the gnoll!
The gnoll is almost dead.
The gnoll hits you but does no damage. The gnoll barely misses you.
You closely miss the gnoll.
The gnoll is almost dead.
The gnoll hits you from afar with a +0 halberd.
You barely miss the gnoll.
The gnoll is almost dead.
The gnoll hits you from afar with a +0 halberd!
* * * LOW HITPOINT WARNING * * *
You block the gnoll's attack. x2
The gnoll hits you from afar with a +0 halberd.
* * * LOW HITPOINT WARNING * * *
You are too injured to fight recklessly!
You are too injured to fight recklessly!
You are too injured to fight recklessly!
You are too injured to fight recklessly!
You are too injured to fight recklessly!
You are too injured to fight recklessly!
You are too injured to fight recklessly!
You are too injured to fight recklessly!
You are too injured to fight recklessly!
You are too injured to fight recklessly!
You are too injured to fight recklessly!
You are too injured to fight recklessly!
You are too injured to fight recklessly!
You are too injured to fight recklessly!
You are too injured to fight recklessly!
You are too injured to fight recklessly!
You are too injured to fight recklessly!
The gnoll attacks as it pursues you!
The gnoll hits you from afar with a +0 halberd.
You die...

######.# #.#..#....#
#######......# #.#######.#
#.......########.........#
.####........############
.####.######.######
#........#..........
######.#.#.##.#######
#.#.#...........
#.#.###.@.######
#.......g.#...#
#.#.....g.#.#.#
###########.#.#.#####
...............).....
#############.#.#####
#.#... ......# +......#


You could see 2 gnolls.

Vanquished Creatures
  2 gnolls
  An adder (D:2)
  2 worms (D:2)
  2 dart slugs
  7 bats
  8 endoplasms (D:1)
  A giant cockroach (D:1)
  3 hobgoblins
  2 jackals (D:1)
  2 kobolds
  3 quokkas
  3 ball pythons
  4 frilled lizards
  4 goblins
  3 rats
47 creatures vanquished.

Notes
Turn   | Place    | Note
-------+----------+-------------------------------------------
     0 | D:1      | Dittersdorf the Gargoyle Fighter began the quest for the
                  | Orb.
     0 | D:1      | Reached XP level 1. HP: 14/14 MP: 1/1
   130 | D:1      | Reached XP level 2. HP: 13/19 MP: 2/2
   621 | D:1      | Reached XP level 3. HP: 23/23 MP: 3/3
  1023 | D:2      | Found an ornate altar of the Wu Jian Council.
  1060 | D:2      | Reached XP level 4. HP: 29/29 MP: 4/4
  1454 | D:3      | HP: 1/29 [gnoll/+0 halberd (6)]
  1460 | D:3      | Slain by a gnoll

Illustrated notes

Levels and vault maps discovered:
D:1:      erik_arrival_triangle_large, layout_basic, minmay_box_of_dots
D:2:      layout_loops_cross, basic_altar
D:3:      layout_basic, serial_shops, shop

Skill      XL: |  1  2  3  4 |
---------------+-------------+-----
Shields        | 4 |  4.0
Fighting       | 4 |  4.0
Armour         | 4 |  4.0
Maces & Flails | |  2.8

Action                     |  1- 3 |  4- 6 || total
---------------------------+-------+-------++-------
  Melee: Flail             |   111 |    41 ||   152
 Armour: Scale mail        |    78 |    30 ||   108
  Dodge: Dodged            |    55 |    18 ||    73
  Block: Buckler           |    18 |    10 ||    28

Table legend: (Time is in decaauts)
 A = Elapsed time spent in this place.
 B = Non-inter-level travel time spent in this place.
 C = Inter-level travel time spent in this place.
 D = Time resting spent in this place.
 E = Time spent auto-exploring this place.
 F = Levels seen in this place.
 G = Mean time per level.
                   A        B        C        D        E       F      G
               +--------+--------+--------+--------+--------+-----+--------+
         Total |   1506 |   1466 |     40 |      0 |   1100 |   3 |  502.0 |
       Dungeon |   1506 |   1466 |     40 |      0 |   1100 |   3 |  502.0 |
               +--------+--------+--------+--------+--------+-----+--------+

Top non-repeatable levels by time:
     D:1: 794 daAuts
     D:2: 619 daAuts
     D:3: 91 daAuts
